 Dungeon Crawl Stone Soup version 0.24.0-1-gfbc8707122 (webtiles) character file.

Game seed: 11856302869441120698, levelgen mode: deterministic

91 BelosWulfure the Bolt Thrower (level 4, -1/28 HPs)
             Began as a Kobold Hunter on Oct 26, 2019.
             Slain by Grinder (6 damage)
             ... on level 3 of the Dungeon.
             The game lasted 00:23:03 (2578 turns).

BelosWulfure the Bolt Thrower (Kobold Hunter)       Turns: 2578, Time: 00:23:04

Health: -1/28      AC:  5    Str: 10    XL:     4   Next: 87%
Magic:  4/4        EV: 13    Int: 12    God:
Gold:   65         SH:  0    Dex: 15    Spells: 3/3 levels left

rFire    . . .     SeeInvis .   a - +1 hand crossbow
rCold    . . .     Gourm    .   (shield restricted)
rNeg     . . .     Faith    .   m - +0 ring mail
rPois    .         Spirit   .   (no helmet)
rElec    .         Reflect  .   (no cloak)
rCorr    .         Harm     .   (no gloves)
MR       .....                  (no boots)
Stlth    +.........             (no amulet)
HPRegen  0.09/turn              (no ring)
MPRegen  0.09/turn              (no ring)

@: no status effects
A: small, carnivore
a: no special abilities


You were on level 3 of the Dungeon.
You were full.

You visited 1 branch of the dungeon, and saw 3 of its levels.

You collected 65 gold pieces.

Inventory:

Hand Weapons
 a - a +1 hand crossbow (weapon)
 b - a +0 short sword
 e - a +2 antimagic dagger
Missiles
 d - 25 bolts (quivered)
Armour
 c - a +0 leather armour
 m - a +0 ring mail (worn)
Scrolls
 g - a scroll of magic mapping {unknown}
 h - 2 scrolls of identify {unknown}
 j - a scroll of remove curse {unknown}
 k - a scroll of amnesia {unknown}
 o - a scroll of random uselessness {unknown}
Potions
 i - 2 potions of berserk rage {unknown}
 l - a potion of magic {unknown}
 n - a potion of flight {unknown}
 p - a potion of agility {unknown}
Comestibles
 f - 3 rations


   Skills:
 + Level 3.0 Fighting
 * Level 0.7 Short Blades
 + Level 6.3 Crossbows
 + Level 0.2 Armour
 * Level 2.9 Dodging
 + Level 1.5 Stealth


You had 3 spell levels left.
You didn't know any spells.
Your spell library was empty.

Dungeon Overview and Level Annotations

Branches:
Dungeon (3/15)

Altars:

Annotations:
D:3 Grinder


Innate Abilities, Weirdness & Mutations

You are small and have problems with some larger weapons.
You are carnivorous and can eat meat at any time.


Message History

Firing (i - inventory)
d - 28 bolts (quivered)
Press: ? - help, Shift-Dir - straight line, f/p - Grinder
Aim: Grinder (moderately wounded)
You shoot a bolt. The bolt hits Grinder!
Grinder is heavily wounded.
Grinder blinks!
Firing (i - inventory)
d - 27 bolts (quivered)
Press: ? - help, Shift-Dir - straight line, f/p - Grinder
Aim: Grinder (heavily wounded)
You shoot a bolt. The bolt hits Grinder.
Grinder is heavily wounded.
The rat closely misses you. Grinder hits you but does no damage.
Firing (i - inventory)
d - 26 bolts (quivered)
Press: ? - help, Shift-Dir - straight line, f/p - Grinder
Aim: Grinder (heavily wounded)
You shoot a bolt. The bolt barely misses Grinder.
The rat bites you but does no damage. Grinder hits you!
* * * LOW HITPOINT WARNING * * *
You writhe in agony.
You die...

#.# ###+### #.# #.(.(..
#.# #...... #.# #......
##.### +...... ..)!
#.....r########.#######
+(....5@§.....(........
##.....########.####...
#.?... #.# ≈#..... #.#
....... #.#
.......########.#
.)#####.......#.#### ≈#
#.#####.#....#
#.#...#.####.#


You could see Grinder and a rat.

Vanquished Creatures
  An iguana (D:2)
  An adder (D:2)
  2 dart slugs
  3 ball pythons
  10 bats
  5 giant cockroaches
  4 goblins
  4 hobgoblins
  A quokka (D:2)
  4 frilled lizards
  8 kobolds
  7 rats
50 creatures vanquished.

Notes
Turn   | Place    | Note
-------+----------+-------------------------------------------
     0 | D:1      | BelosWulfure the Kobold Hunter began the quest for the Orb.
     0 | D:1      | Reached XP level 1. HP: 12/12 MP: 1/1
   127 | D:1      | Reached skill level 5 in Crossbows
   131 | D:1      | Reached XP level 2. HP: 18/18 MP: 2/2
   370 | D:1      | Reached XP level 3. HP: 5/22 MP: 1/3
  1514 | D:2      | Reached skill level 6 in Crossbows
  1514 | D:2      | Reached XP level 4. HP: 27/27 MP: 4/4
  2570 | D:3      | Noticed Grinder
  2578 | D:3      | Slain by Grinder

Levels and vault maps discovered:
D:1:      matt_arrival_los_fun, layout_basic, chequers_serial_rivers_micro_e,
          minmay_pentomino_w4
D:2:      layout_loops_corners
D:3:      layout_basic, first_ration, elyvilon_altar_4, uniq_grinder

Skill      XL: |  1  2  3  4 |
---------------+-------------+-----
Crossbows      | 5 6 |  6.3
Fighting       | 3 |  3.0
Short Blades   | |  0.7
Armour         | |  0.2
Dodging        | |  2.9
Stealth        | |  1.5

Action                   |  1- 3 |  4- 6 || total
-------------------------+-------+-------++-------
Melee: Dagger            |     4 |       ||     4
 Fire: Hand crossbow     |    79 |    34 ||   113
  Eat: Chunk             |    10 |       ||    10
Armor: Leather armour    |     7 |     1 ||     8
       Ring mail         |       |     3 ||     3
Dodge: Dodged            |    35 |     5 ||    40
